 Dungeon Crawl Stone Soup version 0.27.1-2-g3b301248ec (webtiles) character file.

Game seed: 13148023902131800613

3126 vvl the Changer (level 9, -11/67 HPs)
             Began as a Demonspawn Transmuter on Sept 27, 2021.
             Mangled by a troll (14 damage)
             ... on level 6 of the Dungeon.
             The game lasted 00:19:45 (9306 turns).

vvl the Changer (Demonspawn Transmuter)             Turns: 9306, Time: 00:19:45

Health: -11/67     AC:  8    Str: 14    XL:     9   Next: 61%
Magic:  16/16      EV: 13    Int: 14    God:
Gold:   200        SH:  0    Dex: 14    Spells: 16/17 levels left

rFire    + . .     SeeInvis .   g - +2 dagger (venom)
rCold    . . .     Faith    .   (no shield)
rNeg     . . .     Spirit   .   t - +3 leather armour {rF+}
rPois    .         Reflect  .   (helmet currently unavailable)
rElec    .         Harm     .   (no cloak)
rCorr    .         Rampage  .   (no gloves)
Will     .....                  (boots currently unavailable)
Stlth    +.........             (no amulet)
HPRegen  0.21/turn              b - ring of flight
MPRegen  0.15/turn              (no ring)

@: appendages, flying
A: horns 2, talons 2, claws 1, demonic guardian 1, spiny 2, sharp scales 2
a: End Transformation


You were on level 6 of the Dungeon.
You had temporarily grown beastly horns and talons.
You visited 1 branch of the dungeon, and saw 6 of its levels.

You collected 200 gold pieces.

Inventory:

Hand Weapons
 g - a +2 dagger of venom (weapon)
 q - a +1 vampiric whip
 r - a +7 dagger
Armour
 a - a +0 robe
 n - a +0 pair of boots (melded)
 s - a +2 robe of positive energy
 t - a +3 leather armour of fire resistance (worn)
Jewellery
 b - a ring of flight (left claw)
Wands
 e - a wand of flame (15)
Scrolls
 d - 5 scrolls of identify {unknown}
 f - a scroll of fear {unknown}
 h - 2 scrolls of summoning {unknown}
 i - 5 scrolls of teleportation {unknown}
 j - 2 scrolls of immolation {unknown}
 k - a scroll of holy word {unknown}
 m - a scroll of blinking {unknown}
 o - a scroll of amnesia {unknown}
Potions
 l - 3 potions of berserk rage {unknown}
 p - a potion of cancellation {unknown}


   Skills:
 + Level 4.9 Fighting
 + Level 4.8 Dodging
 + Level 5.3 Unarmed Combat
 + Level 4.8 Spellcasting
 * Level 6.7 Transmutations
 + Level 2.1 Ice Magic
 + Level 6.4 Invocations


You had 16 spell levels left.
You knew the following spells:

 Your Spells              Type           Power      Damage    Failure   Level
a - Beastly Appendage     Tmut           44%        N/A       1%          1

Your spell library contained the following spells:

 Spells                   Type           Power      Damage    Failure   Level
 Wereblood                Tmut           22%        N/A       2%          2
 Spider Form              Tmut/Pois      6%         N/A       17%         3
 Magic Dart               Conj           12%        1d3       22%         1
 Ignite Poison            Fire/Tmut/Pois 9%         N/A       26%         3
 Call Imp                 Summ           3%         N/A       34%         2
 Static Discharge         Conj/Air       3%         N/A       34%         2
 Ice Form                 Ice/Tmut       15%        N/A       34%         4
 Conjure Flame            Conj/Fire      3%         6-21      56%         3
 Mephitic Cloud           Conj/Pois/Air  3%         N/A       56%         3
 Dispel Undead            Necr           3%         3d7       92%         4
 Sticky Flame             Conj/Fire      3%         2d3       92%         4


Dungeon Overview and Level Annotations

Branches:
Dungeon (6/15)             Temple (0/1) D:4

Altars:
Nemelex Xobeh
Okawaru
Uskayaw
Zin

Shops:
D:1 (


Innate Abilities, Weirdness & Mutations

You have temporarily grown beastly horns and talons.
You have sharp fingernails.
A weak demonic guardian rushes to your aid.
You are mostly covered in sharp spines.
You are mostly covered in razor-sharp scales. (AC +2, Slay +2)


Message History

The gnoll misses you.
You hit the troll.
The troll is poisoned.
The troll is lightly wounded.
You closely miss the troll. Your kick misses the troll.
The troll is lightly wounded.
The troll bites you but does no damage. The troll claws you! x2
You hit the troll.
The troll looks as sick as possible!
Your kick misses the troll.
The troll is lightly wounded.
The troll bites you. The troll claws you! x2
Your transformation is almost over.
Your horns disappear.
Your talons disappear.
Your +0 pair of boots unmelds from your body.
Casting: Beastly Appendage (safe; 1% risk of failure)
Confirm with . or Enter, or press ? or * to list all spells.
You grow a pair of large bovine horns.
Your feet morph into talons.
Your +0 pair of boots melds into your body.
The troll bites you!
* * * LOW HITPOINT WARNING * * *
A demonic guardian appears!
The troll misses you. The troll claws you!
* * * LOW HITPOINT WARNING * * *
You feel better. The troll closely misses you. The troll barely misses you.
The troll misses you.
Your white imp hits the troll.
Your white imp freezes the troll.
You hit the troll. You claw the troll, but do no damage.
You headbutt the troll!
The troll is severely wounded.
The troll is struck by your spines. The troll bites you!
* * * LOW HITPOINT WARNING * * *
The troll barely misses you. The troll claws you.
* * * LOW HITPOINT WARNING * * *
Your white imp hits the troll.
Your white imp freezes the troll.
Your white imp closely misses the gnoll.
There is an open door here.
The gnoll barely misses your white imp.
You hit the troll.
The troll looks even sicker.
Your kick misses the troll. You claw the troll, but do no damage.
The troll is almost dead.
The troll bites you!
You die...

#.#####..##..#..# #.#####.#
####.# #..##.....######.####
.....## #..#................#
####..# #.........######.##.#
.####.# #....gg..## #.##.# #
#.# #.# ######5### #.##.##.#
..# #.# #g# #.......# #.# #.#
##T## #####.#### ..# #.#
##..@## #...#.## #.# #.#
##.....## #......# ..###.##
##.....<.# #...#.##
#..#...####.........####...###
..........').......>+.......#
#..#...####.........####...##
...##(## ##.......## ##..#
#..#### ##.....## ##.# .#.#
##...## #.#


You could see a troll (very poisoned, ally target), 3 gnolls and a friendly
white imp (summoned).

Vanquished Creatures
  A slime creature (D:5)
  Duvessa (D:5)
  2 sky beasts
  4 ice beasts
  6 ogres
  A black bear (D:5)
  2 centaurs
  A phantom (D:6)
  4 kobold brigands (D:5)
  A wyvern zombie (D:6)
  2 scorpions
  Dowan (D:5)
  A water moccasin skeleton (D:5)
  A howler monkey (D:5)
  5 jellies (D:5)
  2 orc priests (D:4)
  2 bullfrog skeletons (D:5)
  A hound (D:5)
  Jessica (D:2)
  3 iguanas
  2 hound skeletons (D:5)
  Robin (D:2)
  6 gnolls
  6 adders
  2 white imps (D:6)
  3 ufetubi
  An adder skeleton (D:4)
  A worm (D:2)
  3 dart slugs
  6 orcs
  15 endoplasms
  2 giant cockroaches
  13 goblins
  9 hobgoblins
  6 jackals (D:1)
  4 quokkas
  2 ball pythons (D:2)
  7 bats
  5 frilled lizards
  7 kobolds
  6 rats
149 creatures vanquished.

Vanquished Creatures (collateral kills)
  A slime creature (D:4)
1 creature vanquished.

Vanquished Creatures (others)
  6 fungi (D:5)
  5 plants (D:4)
  8 toadstools (D:5)
19 creatures vanquished.

Grand Total: 169 creatures vanquished

Notes
Turn   | Place    | Note
-------+----------+-------------------------------------------
     0 | D:1      | vvl the Demonspawn Transmuter began the quest for the Orb.
     0 | D:1      | Reached XP level 1. HP: 15/15 MP: 3/3
   188 | D:1      | Found Saosech's Weapon Boutique.
   198 | D:1      | Gained mutation: You are partially covered in sharp spines.
                  | [demonic ancestry]
   198 | D:1      | Reached XP level 2. HP: 21/21 MP: 3/5
   681 | D:1      | Reached skill level 1 in Invocations
   815 | D:1      | Gained mutation: You are partially covered in razor-sharp
                  | scales. (AC +1, Slay +1) [demonic ancestry]
   815 | D:1      | Reached XP level 3. HP: 26/26 MP: 6/6
  1630 | D:2      | Noticed a scorpion
  1634 | D:2      | Killed a scorpion
  1635 | D:2      | Gained mutation: You are mostly covered in sharp spines.
                  | [demonic ancestry]
  1635 | D:2      | Reached XP level 4. HP: 3/33 MP: 5/7
  1636 | D:2      | HP: 1/33 [poisoned by a scorpion]
  1896 | D:2      | Noticed Jessica
  1901 | D:2      | Killed Jessica
  1902 | D:2      | Gained mutation: You are mostly covered in razor-sharp
                  | scales. (AC +2, Slay +2) [demonic ancestry]
  1902 | D:2      | Reached XP level 5. HP: 38/38 MP: 6/8
  2223 | D:2      | Noticed Robin
  2231 | D:2      | Killed Robin
  2927 | D:4      | Found a staircase to the Ecumenical Temple.
  3242 | D:4      | Noticed an ogre
  3270 | D:4      | Killed an ogre
  3271 | D:4      | Reached XP level 6. HP: 11/46 MP: 8/10
  4379 | D:4      | Reached XP level 7. HP: 29/51 MP: 9/11
  4908 | D:5      | Entered Level 5 of the Dungeon
  5584 | D:5      | Gained mutation: You have sharp fingernails. [demonic
                  | ancestry]
  5584 | D:5      | Reached XP level 8. HP: 8/58 MP: 13/13
  5904 | D:4      | Reached skill level 5 in Transmutations
  6376 | D:5      | Noticed Duvessa
  6381 | D:5      | Noticed Dowan
  6395 | D:5      | Killed Duvessa
  6396 | D:5      | Reached skill level 5 in Invocations
  6402 | D:5      | Killed Dowan
  7200 | D:5      | Noticed a slime creature
  7202 | D:5      | Noticed a slime creature
  7519 | D:5      | Gained mutation: A weak demonic guardian rushes to your
                  | aid. [demonic ancestry]
  7519 | D:5      | Reached XP level 9. HP: 30/65 MP: 15/15
  7528 | D:4      | Reached skill level 1 in Ice Magic
  7806 | D:5      | Reached skill level 5 in Unarmed Combat
  8409 | D:6      | Found a hide-covered altar of Uskayaw.
  8410 | D:6      | Found an iron altar of Okawaru.
  8750 | D:6      | Found a sparkling altar of Nemelex Xobeh.
  9275 | D:6      | Noticed a troll
  9303 | D:6      | HP: 3/67 [troll (2)]
  9306 | D:6      | Mangled by a troll

Illustrated notes

Levels and vault maps discovered:
D:1:      lemuel_arrival_behind_the_door_large, layout_loops_cross,
          serial_shops, shop, chequers_decorated_corner, nrook_campfire,
          minmay_box_of_dots
D:2:      layout_loops_cross, uniq_jessica, uniq_robin
D:3:      layout_rooms, st_stairs_4
D:4:      cheibrodos_old_hovel, layout_loops_corners, lemuel_temple_firewalk_b
D:5:      cheibrodos_fertilizer, layout_cave_pools, chequers_ossuary_entry_cave,
          grunt_ministairs_5, amcnicky_mini_pool_medium, uniq_duvessa
D:6:      layout_loops_corners, nemelex_dance_club_becter,
          chequers_temple_overflow_statue_of_worship, hex_large,
          minmay_microvault

Skill      XL: |  1  2  3  4  5  6  7  8  9 |
---------------+----------------------------+-----
Transmutations | 2 3 4 5 6 |  6.7
Dodging        | 2 3 4 |  4.8
Invocations    | 1 2 3 4 5 6 |  6.4
Unarmed Combat | 3 4 5 |  5.3
Fighting       | 2 3 4 |  4.9
Spellcasting   | 3 4 |  4.8
Ice Magic      | 2 |  2.1

Action                   |  1- 3 |  4- 6 |  7- 9 || total
-------------------------+-------+-------+-------++-------
Melee: Unarmed           |    34 |       |       ||    34
       Kick              |     9 |    14 |    50 ||    73
       Headbutt          |     6 |    14 |    32 ||    52
       Dagger            |    46 |    61 |   176 ||   283
       Punch             |       |     1 |     8 ||     9
 Cast: Beastly Appendage |    19 |    30 |    37 ||    86
  Use: Potion            |       |     3 |     4 ||     7
 Stab: Sleeping          |     1 |     1 |     1 ||     3
Armor: Robe              |    11 |     8 |    18 ||    37
       Leather armour    |       |       |    30 ||    30
Dodge: Dodged            |    47 |    25 |   130 ||   202
